 Dungeon Crawl Stone Soup version 0.25.1-2-g60ff931df9 (webtiles) character file.

Game seed: 17677454349267055787

63 Peloso the Covered (level 3, -3/33 HPs)
             Began as a Minotaur Fighter on Aug 19, 2020.
             Slain by a phantom (6 damage)
             ... on level 2 of the Dungeon.
             The game lasted 00:01:48 (1000 turns).

Peloso the Covered (Minotaur Fighter)               Turns: 1000, Time: 00:01:48

Health: -3/33      AC:  9    Str: 20    XL:     3   Next: 89%
Magic:  2/2        EV:  7    Int:  5    God:
Gold:   38         SH:  9    Dex: 10    Spells: 2/2 levels left

rFire    . . .     SeeInvis .   a - +0 long sword
rCold    . . .     Gourm    .   c - +0 kite shield
rNeg     . . .     Faith    .   b - +0 scale mail
rPois    .         Spirit   .   (helmet restricted)
rElec    .         Reflect  .   (no cloak)
rCorr    .         Harm     .   e - +1 pair of gloves
MR       .....                  (no boots)
Stlth    ..........             (no amulet)
HPRegen  0.11/turn              (no ring)
MPRegen  0.08/turn              (no ring)

@: no status effects
A: retaliatory headbutt, horns 2
a: no special abilities


You were on level 2 of the Dungeon.
You were hungry.

You visited 1 branch of the dungeon, and saw 2 of its levels.

You collected 38 gold pieces.

Inventory:

Hand Weapons
 a - a +0 long sword (weapon)
Missiles
 k - 34 bolts
Armour
 b - a +0 scale mail (worn)
 c - a +0 kite shield (worn)
 e - a +1 pair of gloves (worn)
Scrolls
 g - 2 scrolls of remove curse {unknown}
 h - a scroll of random uselessness {unknown}
 j - 3 scrolls of identify {unknown}
Potions
 d - a potion of might
Comestibles
 f - 4 rations
 i - 3 chunks of flesh


   Skills:
 + Level 4.1 Fighting
 + Level 3.0 Long Blades
 + Level 4.3 Armour
 + Level 0.8 Dodging
 + Level 4.3 Shields


You had 2 spell levels left.
You didn't know any spells.
Your spell library was empty.

Dungeon Overview and Level Annotations

Branches:
Dungeon (2/15)

Altars:


Innate Abilities, Weirdness & Mutations

You reflexively headbutt those who attack you in melee.
You have a pair of horns on your head.


Message History

* * * LOW HITPOINT WARNING * * *
You hit the phantom.
The phantom is severely damaged.
The phantom hits you.
* * * LOW HITPOINT WARNING * * *
You hit the phantom but do no damage.
The phantom is severely damaged.
The phantom barely misses you.
You riposte.
You hit the phantom. Your headbutt misses the phantom.
The phantom is severely damaged.
Your shield and scale mail prevent you from hitting the phantom.
Your headbutt misses the phantom.
The phantom is severely damaged.
The phantom hits you.
* * * LOW HITPOINT WARNING * * *
You block the phantom's attack.
You barely miss the phantom.
The phantom is severely damaged.
The phantom hits you.
You die...

####..#...#......
#................
####...#.#........#.
#........).....####.
#..........##.##...)
#######.............#...>.
#......[......)..##...#..#
#.#####........#.##.#...##
#.# #..@W......##...#.##
#.# #.........###......#
#<#####.........##<....#.#
#.#.......####......#....#
#.#.......####..##..#.....
#.#.................##....
#...................##...÷
#...................###...
#....................÷....


You could see a phantom.

Vanquished Creatures
  3 adders (D:2)
  2 dart slugs (D:1)
  6 bats
  2 giant cockroaches
  7 goblins
  3 hobgoblins
  4 kobolds
  A frilled lizard (D:2)
  4 rats
32 creatures vanquished.

Notes
Turn   | Place    | Note
-------+----------+-------------------------------------------
     0 | D:1      | Peloso the Minotaur Fighter began the quest for the Orb.
     0 | D:1      | Reached XP level 1. HP: 19/19 MP: 0/0
   167 | D:1      | Reached XP level 2. HP: 27/27 MP: 1/1
   357 | D:1      | You fall into a shaft and drop 1 floor!
   379 | D:2      | Reached XP level 3. HP: 28/33 MP: 2/2
   935 | D:2      | Noticed a phantom
  1000 | D:2      | Slain by a phantom

Illustrated notes

Levels and vault maps discovered:
D:1:      lightli_arrival_flooded_house, layout_rooms,
          nemelex_xobeh_ov_fountains_minmay
D:2:      layout_rooms, lemuel_coloured_pillars_altar

Skill      XL: |  1  2  3 |
---------------+----------+-----
Armour         | 4 |  4.3
Fighting       | 4 |  4.1
Shields        | 4 |  4.3
Long Blades    | 3 |  3.0
Dodging        | |  0.8

Action                   || total
-------------------------++-------
Melee: Long sword        ||   112
       Headbutt          ||    10
Armor: Scale mail        ||    59
Dodge: Dodged            ||    49
Block: Kite shield       ||    53
       Rpst.: Long sword ||    16
